 Dungeon Crawl Stone Soup version 0.24-a0-417-g1cce26a4d2 (webtiles) character file.

Game seed: 15705030420744678212

2946 Gynju the Spear-Bearer (level 9, 0/70 HPs)
             Began as a Minotaur Fighter on June 10, 2019.
             Was a Priest of the Shining One.
             Killed from afar by an electric eel (12 damage)
             ... with a bolt of electricity
             ... on level 8 of the Dungeon.
             The game lasted 00:22:43 (7865 turns).

Gynju the Spear-Bearer (Minotaur Fighter)           Turns: 7865, Time: 00:22:44

Health: 0/70       AC: 15    Str: 25    XL:     9   Next: 51%
Magic:  12/12      EV:  4    Int:  5    God:    the Shining One [***...]
Gold:   294        SH:  9    Dex:  9    Spells: 8/8 levels left

rFire    . . .     SeeInvis .   a - +1 trident
rCold    . . .     Gourm    .   c - +0 shield
rNeg     + . .     Faith    .   G - +0 plate armour
rPois    +         Spirit   .   (helmet restricted)
rElec    .         Reflect  .   F - +0 cloak
rCorr    .         Harm     .   x - +2 pair of gloves
MR       .....                  (no boots)
Stlth    ..........             (no amulet)
HPRegen  0.21/turn              q - ring of wizardry
MPRegen  0.13/turn              y - ring of poison resistance

@: glowing
A: retaliatory headbutt, horns 2
a: Divine Shield, Renounce Religion


You were on level 8 of the Dungeon.
You worshipped the Shining One.
The Shining One was most pleased with you.
You were not hungry.

You visited 1 branch of the dungeon, and saw 8 of its levels.

You collected 466 gold pieces.
You spent 172 gold pieces at shops.

Inventory:

Hand Weapons
 a - a +1 trident (weapon)
Armour
 c - a +0 shield (worn)
 e - a +0 chain mail
 x - a +2 pair of gloves (worn)
 F - a +0 cloak (worn)
 G - a +0 plate armour (worn)
Jewellery
 q - a ring of wizardry (left hand)
 y - a ring of poison resistance (right hand)
 H - an uncursed amulet of magic regeneration {unknown}
Wands
 b - a wand of digging (9)
 v - a wand of scattershot (7)
 w - a wand of acid (7)
 z - a wand of iceblast (4)
Scrolls
 g - a scroll of fog
 h - a scroll of teleportation
 i - a scroll of magic mapping
 j - a scroll of amnesia
 k - 7 scrolls of remove curse
 t - 2 scrolls of immolation
 u - 4 scrolls of identify
Potions
 d - 2 potions of might
 l - 2 potions of ambrosia
 m - 2 potions of cancellation
 n - a potion of magic
 o - 3 potions of curing
 p - a potion of flight {unknown}
 r - a potion of brilliance
 s - a potion of haste
 B - a potion of agility
 C - a potion of heal wounds
 D - a potion of invisibility {unknown}
 E - a potion of degeneration {unknown}
Comestibles
 f - 7 rations
 A - 13 chunks of flesh


   Skills:
 - Level 3.6 Fighting
 + Level 13.3 Polearms
 - Level 3.6 Armour
 - Level 3.6 Shields
 + Level 6.6 Invocations


You had 8 spell levels left.
You didn't know any spells.
Your spell library contained the following spells:

 Spells                   Type           Power        Failure   Level  Hunger
 Sandblast                Erth           #.....       100%        1    ##.....
 Passwall                 Tmut/Erth      #.......     100%        2    ###....
 Stone Arrow              Conj/Erth      #.....       100%        3    ####...
 Petrify                  Tmut/Erth      #.......     100%        4    #####..
 Lee's Rapid Deconstruct  Erth           #.........   100%        5    ######.


Dungeon Overview and Level Annotations

Branches:
Dungeon (8/15)             Temple (0/1) D:5
   Lair: D:8-11

Altars:
Kikubaaqudgha
Okawaru
Ru
Vehumet
The Shining One

Shops:
D:5 *

Annotations:
D:7 2 transporters, yrara's ghost, novice DsFi


Innate Abilities, Weirdness & Mutations

You reflexively headbutt those who attack you in melee.
You have a pair of horns on your head.


Message History

The bolt of electricity hits the electric eel.
The electric eel completely resists.
The bolt of electricity hits you!
The electric eel shoots out a bolt of lightning at you!
The bolt of electricity hits you.
The electric eel shoots out a bolt of lightning at you!
The bolt of electricity hits you.
* * * LOW HITPOINT WARNING * * *
You see here a +0 whip.
The electric eel shoots out a bolt of lightning at you!
The bolt of electricity hits the electric eel.
The electric eel completely resists.
The bolt of electricity hits you.
* * * LOW HITPOINT WARNING * * *
The electric eel shoots out a bolt of lightning at you!
The bolt of electricity hits you.
* * * LOW HITPOINT WARNING * * *
Items here: ) ††† a +0 dagger; a kobold corpse; a hound corpse; a kobold corpse The electric eel shoots out a bolt of lightning at you!
The bolt of electricity hits you!
You die...

##..#. #.#####..#
.........###........#
....................#
..........#..... ...
.≈≈.... #....# #.# #
≈.≈.... #.#.# #.# .#
≈≈≈.... #(#.######÷##..#
≈≈≈..≈.###)#((..........#
≈≈;≈;≈.))@.(..#####.##..#
.≈≈≈;≈.#####..# #.....#
≈≈≈;≈≈. #..#####÷.##.#
≈≈≈≈≈≈. #.........)..#
.≈≈≈≈≈. #..#####.)####
≈≈≈≈≈≈. ...# ##...####
≈≈≈≈≈.. ...# #..#.....
≈≈≈≈..# ...####.###....
#........#..###


You could see 4 electric eels.

Vanquished Creatures
  The ghost of anet the Conjurer, an amateur DEWz (D:5)
  Menkaure (D:5)
  Edmund (D:6)
  Duvessa (D:5)
  An ice beast (D:6)
  An orc warrior (D:6)
  A phantom (D:7)
  2 sky beasts
  2 wolves (D:8)
  2 ogres (D:5)
  A centaur (D:6)
  A big kobold (D:8)
  2 bullfrogs
  Dowan (D:5)
  A water moccasin zombie (D:7)
  A scorpion (D:4)
  A howler monkey (D:6)
  A crimson imp (D:6)
  4 orc priests
  7 hounds
  A jelly (D:6)
  7 orc wizards
  A centaur skeleton (D:8)
  Crazy Yiuf (D:6)
  4 iguanas
  6 worker ants
  A worker ant zombie (D:7)
  5 gnolls
  9 adders
  A shadow imp (D:5)
  3 oozes
  2 adder skeletons (D:4)
  2 worms (D:3)
  10 dart slugs
  2 leopard geckos
  28 orcs
  2 giant cockroaches (D:1)
  6 goblins
  8 hobgoblins
  7 jackals
  5 quokkas
  2 ball pythons
  9 bats
  7 frilled lizards
  A jackal skeleton (D:4)
  16 kobolds
  A leopard gecko skeleton (D:5)
  A leopard gecko zombie (D:5)
  2 quokka skeletons
  9 rats
192 creatures vanquished.

Vanquished Creatures (others)
  An adder (D:5)
1 creature vanquished.

Grand Total: 193 creatures vanquished

Notes
Turn   | Place    | Note
-------+----------+-------------------------------------------
     0 | D:1      | Gynju the Minotaur Fighter began the quest for the Orb.
     0 | D:1      | Reached XP level 1. HP: 19/19 MP: 0/0
    31 | D:1      | Reached skill level 3 in Polearms
    36 | D:1      | Reached XP level 2. HP: 26/26 MP: 1/1
   234 | D:1      | Reached skill level 4 in Polearms
   374 | D:1      | Reached XP level 3. HP: 29/31 MP: 2/2
  1611 | D:3      | Reached skill level 5 in Polearms
  1636 | D:3      | Reached XP level 4. HP: 28/39 MP: 3/3
  1715 | D:3      | Found a faded altar of an unknown god.
  1726 | D:3      | Became a worshipper of the Shining One
  1726 | D:3      | Reached * piety under the Shining One
  2045 | D:3      | Reached skill level 6 in Polearms
  2432 | D:3      | Reached XP level 5. HP: 36/45 MP: 4/4
  2778 | D:4      | Found an iron altar of Okawaru.
  2875 | D:4      | Reached skill level 7 in Polearms
  3046 | D:4      | Found an ancient bone altar of Kikubaaqudgha.
  3087 | D:4      | Reached XP level 6. HP: 29/51 MP: 5/5
  3353 | D:4      | Reached skill level 8 in Polearms
  3400 | D:4      | Found a radiant altar of Vehumet.
  3522 | D:4      | Reached ** piety under the Shining One
  3522 | D:4      | Reached skill level 9 in Polearms
  3828 | D:5      | Entered Level 5 of the Dungeon
  3829 | D:5      | Found a runed translucent door.
  3939 | D:5      | Noticed Menkaure
  3941 | D:5      | Reached XP level 7. HP: 57/57 MP: 6/6
  4232 | D:5      | Killed Menkaure
  4493 | D:5      | Reached skill level 10 in Polearms
  4614 | D:5      | Found a staircase to the Ecumenical Temple.
  4627 | D:5      | Noticed Duvessa
  4627 | D:5      | Noticed Dowan
  4640 | D:5      | Killed Duvessa
  4641 | D:5      | Killed Dowan
  4806 | D:5      | Reached skill level 11 in Polearms
  4907 | D:5      | Reached XP level 8. HP: 62/64 MP: 7/7
  4942 | D:5      | Reached skill level 1 in Invocations
  4948 | D:5      | Found Podevank's Assorted Antiques.
  4956 | D:5      | Bought a pair of embroidered gloves for 172 gold pieces
  5344 | D:5      | Noticed anet's ghost (amateur DEWz)
  5386 | D:5      | Killed anet's ghost
  5825 | D:6      | Noticed Edmund
  5834 | D:6      | Killed Edmund
  5956 | D:6      | Reached skill level 12 in Polearms
  6187 | D:6      | Found a sacrificial altar of Ru.
  6357 | D:6      | Found a runed translucent door.
  6358 | D:6      | Noticed Crazy Yiuf
  6623 | D:6      | Killed Crazy Yiuf
  6623 | D:6      | Reached XP level 9. HP: 70/70 MP: 11/11
  6750 | D:6      | Reached skill level 5 in Invocations
  6863 | D:7      | Noticed yrara's ghost (novice DsFi)
  6865 | D:7      | Found a transporter.
  6866 | D:7      | Found a transporter.
  7735 | D:8      | Reached skill level 13 in Polearms
  7739 | D:8      | Reached *** piety under the Shining One
  7741 | D:8      | Noticed a troll
  7865 | D:8      | Killed from afar by an electric eel

Levels and vault maps discovered:
D:1:      dpeg_arrival_rooms_a, layout_basic, minmay_tromino_mix6
D:2:      layout_basic
D:3:      kennysheep_slugbush, layout_basic,
          chequers_ecumenical_altar_simple_redux, cheibrodos_gnoll_hut
D:4:      layout_gridville, nicolae_overflow_crystal_walls,
          kiku_gazebo_garden_becter, lemuel_round_altar, first_ration
D:5:      layout_basic, temple_pool_b, serial_shops,
          nicolae_shop_overgrown_old_shop, ebering_ghost_sewer_d,
          kennysheep_path_1, uniq_menkaure, uniq_duvessa
D:6:      layout_cave_pods, kennysheep_mini_moat, serial_column_ruins,
          column_ruins_open_small, column_ruins_open_small,
          column_ruins_corridor_dead_end, column_ruins_open_small,
          column_ruins_grid_1, column_ruins_open_tiny, glass_columns_b,
          uniq_crazy_yiuf_cottage, uniq_edmund
D:7:      layout_gridville, gammafunk_ghost_arena
D:8:      layout_loops_ring, erik_lair_island, ebering_ghost_disaster_area

Skill      XL: |  1  2  3  4  5  6  7  8  9 |
---------------+----------------------------+-----
Polearms       | 3 4 5 6 7 9 11 12 13 | 13.3
Invocations    | 4 6 |  6.6
Fighting       | |  3.6
Armour         | |  3.6
Shields        | |  3.6

Action                   |  1- 3 |  4- 6 |  7- 9 || total
-------------------------+-------+-------+-------++-------
Melee: Trident           |   114 |   154 |   314 ||   582
       Headbutt          |    12 |    18 |    44 ||    74
Invok: Divine Shield     |       |       |     1 ||     1
  Use: Scroll            |       |       |    15 ||    15
  Eat: Chunk             |     2 |     7 |    10 ||    19
       Ration            |       |       |     1 ||     1
Armor: Scale mail        |    30 |    26 |    32 ||    88
       Plate armour      |       |       |    24 ||    24
       Chain mail        |       |       |    16 ||    16
Dodge: Dodged            |    23 |    26 |    39 ||    88
Block: Shield            |    38 |    56 |    82 ||   176

Table legend:
 A = Non-vault XP
 B = Vault XP
 C = Vault XP percentage of total XP
 D = Non-vault monster count
 E = Vault monster count
 F = Vault count percentage of total count
                 A         B        C        D         E       F
            +---------+---------+-------+---------+---------+-------
      Total |    2817 |    1392 |  33.1 |     164 |      28 |  14.6
            +---------+---------+-------+---------+---------+-------
        D:1 |      56 |       2 |   3.4 |      28 |       2 |   6.7
        D:2 |      11 |       4 |  26.7 |       7 |       1 |  12.5
        D:3 |      61 |     128 |  67.7 |      23 |      11 |  32.4
        D:4 |     435 |       0 |   0.0 |      22 |       0 |   0.0
        D:5 |     466 |     637 |  57.8 |      15 |       6 |  28.6
        D:6 |     916 |     209 |  18.6 |      32 |       2 |   5.9
        D:7 |     333 |       0 |   0.0 |      13 |       0 |   0.0
        D:8 |     539 |     412 |  43.3 |      24 |       6 |  20.0
            +---------+---------+-------+---------+---------+-------
